 Dungeon Crawl Stone Soup version 0.26-b1-32-g5d43845318 (webtiles) character file.

Game seed: 5964764661540562772

62151 Arum the Fighter (level 15, -1/127 HPs)
             Began as a Formicid Fighter on Jan 11, 2021.
             Was a High Priest of Qazlal.
             Killed from afar by a tengu reaver (32 damage)
             ... with a bolt of acid
             ... on level 15 of the Dungeon.
             The game lasted 00:31:55 (13467 turns).

Arum the Fighter (Formicid Fighter)                Turns: 13467, Time: 00:31:56

Health: -1/127     AC: 28    Str: 21    XL:     15   Next: 45%
Magic:  16/24      EV:  8    Int:  9    God:    Qazlal [*****.]
Gold:   1396       SH: 20    Dex: 15    Spells: 14/14 levels left

rFire    . . .     SeeInvis +   f - +8 lajatang (vamp)
rCold    . . .     Faith    .   c - +1 kite shield
rNeg     + . .     Spirit   .   x - +6 chain mail of the Devil's Advocate {Regen+}
rPois    +         Reflect  .   (helmet unavailable)
rElec    .         Harm     .   D - +2 cloak
rCorr    .         Rampage  .   E - +0 pair of gloves
Will     +....                  M - +0 pair of boots
Stlth    ..........             (no amulet)
HPRegen  0.71/turn              n - ring of poison resistance
MPRegen  0.19/turn              p - ring of positive energy

@: protected from physical damage, repel missiles
A: permanent stasis, dig shafts and tunnels, four strong arms, antennae 3
a: Dig, Shaft Self, Renounce Religion, Upheaval, Elemental Force, Disaster Area


You were on level 15 of the Dungeon.
You worshipped Qazlal.
Qazlal was extremely pleased with you.
You visited 1 branch of the dungeon, and saw 15 of its levels.
You also visited: Ossuary and Bailey.

You collected 1396 gold pieces.

Inventory:

Hand Weapons
 a - a +0 quarterstaff
 f - a +8 vampiric lajatang (weapon)
 h - the +5 quarterstaff of Imminent Death {protect, Str-3 Int+5 Dex+9}
   (You took it off a human on level 14 of the Dungeon)

   It grants its wielder temporary protection when it strikes (+7 to AC).
   It affects your strength (-3).
   It affects your intelligence (+5).
   It affects your dexterity (+9).
 C - a +4 quarterstaff of chaos
Missiles
 I - 5 throwing nets
 K - 6 silver javelins
Armour
 c - a +1 kite shield (worn)
 x - the +6 chain mail of the Devil's Advocate (worn) {Regen+}
   (You found it on level 4 of the Dungeon)

   It increases your rate of regeneration.
 D - a +2 cloak (worn)
 E - a +0 pair of gloves (worn)
 M - a +0 pair of boots (worn)
Jewellery
 n - a ring of poison resistance (left hand)
 p - a ring of positive energy (right hand)
 N - the ring "Roeph" {rC++ rN+++ MP+9 Str+2}
   (You took it off a deep elf mage on level 15 of the Dungeon)

   [ring of magical power]

   It affects your strength (+2).
   It greatly protects you from cold.
   It renders you almost immune to negative energy.
   It affects your magic capacity (+9).
Wands
 q - a wand of random effects (13)
 t - a wand of flame (18)
 F - a wand of paralysis (13)
 H - a wand of acid (7)
 J - a wand of iceblast (29)
Scrolls
 e - 14 scrolls of remove curse
 g - 2 scrolls of fear
 i - 15 scrolls of identify
 k - 6 scrolls of random uselessness
 l - 2 scrolls of noise
 o - a scroll of enchant armour
 u - a scroll of amnesia
 w - a scroll of magic mapping
 y - a scroll of blinking
 z - 4 scrolls of teleportation
 O - 2 scrolls of holy word {unknown}
Potions
 b - 12 potions of curing
 d - 4 potions of might
 j - 6 potions of lignification
 m - a potion of magic
 r - 3 potions of brilliance
 s - a potion of heal wounds
 v - a potion of invisibility
 A - 2 potions of attraction
 B - 3 potions of ambrosia
 G - 3 potions of mutation
Miscellaneous
 L - a phial of floods


   Skills:
 + Level 14.7 Fighting
 + Level 13.5 Staves
 + Level 13.5 Armour
 - Level 9.0 Shields
 + Level 12.8 Invocations


You had 14 spell levels left.
You didn't know any spells.
Your spell library contained the following spells:

 Spells                   Type           Power        Failure   Level
 Animate Skeleton         Necr           0%           91%         1
 Corona                   Hex            0%           91%         1
 Freeze                   Ice            0%           91%         1
 Magic Dart               Conj           0%           91%         1
 Pain                     Necr           0%           91%         1
 Summon Small Mammal      Summ           0%           91%         1
 Call Imp                 Summ           0%           97%         2
 Ensorcelled Hibernation  Hex/Ice        0%           97%         2
 Searing Ray              Conj           0%           97%         2
 Call Canine Familiar     Summ           0%           100%        3
 Confusing Touch          Hex            0%           100%        3
 Dazzling Flash           Conj/Hex       0%           100%        3
 Frozen Ramparts          Ice            0%           100%        3
 Gell's Gravitas          Tloc           0%           100%        3
 Ozocubu's Armour         Ice            0%           100%        3
 Summon Guardian Golem    Hex/Summ       0%           100%        3
 Tukima's Dance           Hex            0%           100%        3
 Vampiric Draining        Necr           0%           100%        3
 Animate Dead             Necr           0%           100%        4
 Fulminant Prism          Conj/Hex       0%           100%        4
 Hailstorm                Conj/Ice       0%           100%        4
 Iskenderun's Mystic Bla  Conj/Tloc      0%           100%        4
 Petrify                  Tmut/Erth      0%           100%        4
 Summon Ice Beast         Ice/Summ       0%           100%        4
 Summon Lightning Spire   Summ/Air       0%           100%        4
 Agony                    Necr           0%           100%        5
 Metabolic Englaciation   Hex/Ice        0%           100%        5
 Yara's Violent Unravell  Hex/Tmut       0%           100%        5


Dungeon Overview and Level Annotations

Branches:
Dungeon (15/15)            Temple (0/1) D:7            Lair (0/6) D:10
    Orc (0/2) D:11         Vaults (0/5) D:14         Depths (0/5) D:15
Ossuary (visited)          Bailey (visited)

Altars:
Ashenzari
Dithmenos
Elyvilon
Fedhas
Gozag
Kikubaaqudgha
Qazlal
Ru
Sif Muna
Wu Jian
Xom
Yredelemnul
Zin
The Shining One

Shops:
D:5 :   D:8 [

Annotations:
D:14 3 runed translucent doors, Borgoz's ghost, journeyman GrGl


Innate Abilities, Weirdness & Mutations

You cannot be hasted, slowed, berserked, paralysed or teleported.
You can dig through walls and to a lower floor.
Your four strong arms can wield two-handed weapons with a shield.
You have a pair of large antennae on your head. (SInv)


Message History

The tengu reaver claws you.
* * * LOW HITPOINT WARNING * * *
You feel more protected from physical attacks.
Unknown command.
You completely miss the tengu reaver.
The tengu reaver is severely wounded.
Unknown command.
You hit the tengu reaver but do no damage.
The tengu reaver is severely wounded.
You block the tengu reaver's attack. x2; The tengu reaver claws you.
* * * LOW HITPOINT WARNING * * *
Unknown command.
You hit the tengu reaver.
The tengu reaver is severely wounded.
Unknown command.
You slash the tengu reaver!
You feel better.
The tengu reaver is almost dead.
The tengu reaver casts a spell at you. The bolt of acid hits you!!
You die...

.....#
#..................#
.....#
#............#####.#
.....#
#............#####.#
.....#
#..)...............#
##...#
#..................#
#...#
#......*........[..#
##...#
#....§..○.....######
.....#
#.....°.......#
.....#
#...##@####...#
.....# #...##Q##
#...# .....#
#...#..○# #...#
.....#
#...''....''''######
.....#
#...'''†).D'''.....#
.....#
#...'').)).'''.....#
.....#
#...'''....'''.....#
.....#
#...'''....'''.....#
##...#
#...'''...('''.....#


You could see a tengu reaver and a battlesphere.

Vanquished Creatures
  A sphinx (D:15)
  A tengu reaver (D:15)
  A storm dragon (D:15)
  2 fire giants (D:15)
  3 frost giants (D:15)
  2 ettins (D:15)
  Erolcha (D:11)
  3 vault guards (D:14)
  A boulder beetle (D:14)
  Harold (D:7)
  A hydra (D:15)
  A centaur warrior (D:15)
  A catoblepas (D:15)
  A death knight (D:12)
  2 tengu warriors (D:13)
  An ogre mage (D:15)
  8 two-headed ogres
  A deep troll earth mage (D:15)
  Nergalle (D:11)
  6 skeletal warriors
  2 unseen horrors
  A flayed ghost (D:15)
  Pikel (D:4)
  An orange crystal statue (D:12)
  A wolf spider (D:15)
  5 necromancers
  3 deep elf magi
  2 cyclopes
  11 ugly things
  4 gargoyles
  A komodo dragon (D:14)
  A yaktaur (D:15)
  A harpy zombie (D:15)
  4 trolls
  A queen bee (D:11)
  Grinder (D:6)
  A hornet (shapeshifter) (D:10)
  A spriggan zombie (D:15)
  A fire dragon zombie (D:15)
  A spriggan (D:7)
  2 shadows
  3 wraiths
  A vampire (D:12)
  5 wyverns
  18 yaks
  Grum (D:11)
  16 humans (D:14)
  4 vampire mosquitoes (D:15)
  A soldier ant (D:12)
  Duvessa (D:4)
  A human skeleton (D:15)
  6 orc warriors
  3 phantoms
  3 black bears
  5 ice beasts
  5 sky beasts
  2 hornet zombies
  4 wolves (D:11)
  6 ogres
  9 centaurs
  2 elf zombies (Ossuary)
  13 bullfrogs
  A wyvern zombie (D:12)
  A yaktaur zombie (D:15)
  Dowan (D:4)
  5 scorpions
  2 electric eels (D:9)
  A howler monkey (D:10)
  16 killer bees
  17 wights
  6 centaur zombies
  8 jellies
  4 bullfrog zombies
  4 hounds
  11 orc wizards
  A bullfrog skeleton (D:10)
  2 human zombies (Ossuary)
  5 orc priests
  Crazy Yiuf (D:5)
  3 centaur skeletons
  Ijyb (D:4)
  6 iguanas
  Natasha (thrice) (D:4)
  9 worker ants
  A big kobold zombie (Ossuary)
  A hound zombie (Ossuary)
  3 mummies (Ossuary)
  A worker ant zombie (D:10)
  10 adders
  A howler monkey skeleton (D:8)
  2 shadow imps (D:8)
  5 white imps
  3 ufetubi
  An ooze (D:3)
  An adder skeleton (D:4)
  4 adder zombies
  6 worms
  A dart slug (D:1)
  A leopard gecko (D:5)
  40 orcs
  5 giant cockroaches
  11 goblins
  5 hobgoblins
  11 jackals
  16 kobolds
  4 quokkas
  3 ball pythons
  9 bats
  3 frilled lizards
  5 goblin zombies (Ossuary)
  5 hobgoblin zombies (Ossuary)
  A jackal skeleton (D:6)
  4 jackal zombies (Ossuary)
  A kobold zombie (Ossuary)
  A leopard gecko skeleton (D:4)
  A quokka skeleton (D:5)
  2 quokka zombies (Ossuary)
  5 rats
  3 rat zombies (Ossuary)
478 creatures vanquished.

Vanquished Creatures (others)
  An orc warrior (D:14)
  10 withered plants (D:15)
11 creatures vanquished.

Grand Total: 489 creatures vanquished

Notes
Turn   | Place    | Note
-------+----------+-------------------------------------------
     0 | D:1      | Arum the Formicid Fighter began the quest for the Orb.
     0 | D:1      | Reached XP level 1. HP: 18/18 MP: 1/1
    61 | D:1      | Reached XP level 2. HP: 18/24 MP: 2/2
   319 | D:1      | Reached XP level 3. HP: 29/29 MP: 3/3
   801 | D:2      | Found a stormy altar of Qazlal.
   809 | D:2      | Became a worshipper of Qazlal Stormbringer
   910 | D:2      | Found an ancient bone altar of Kikubaaqudgha.
  1143 | D:2      | Reached XP level 4. HP: 28/37 MP: 4/4
  1550 | D:3      | Reached skill level 4 in Fighting
  1555 | D:3      | Reached XP level 5. HP: 38/42 MP: 5/5
  1622 | D:3      | Reached * piety under Qazlal
  1623 | D:3      | Found a glowing golden altar of the Shining One.
  1661 | D:3      | Found a glowing silver altar of Zin.
  1662 | D:3      | Found a white marble altar of Elyvilon.
  2252 | D:3      | Found a shimmering blue altar of Sif Muna.
  2433 | D:3      | Reached XP level 6. HP: 49/49 MP: 6/6
  2878 | D:4      | Noticed Ijyb
  2894 | D:4      | Killed Ijyb
  2938 | D:4      | Got a translucent chain mail
  2943 | D:4      | Found a sand-covered staircase.
  2947 | Ossuary  | Entered an ossuary
  2979 | Ossuary  | Reached skill level 5 in Shields
  3159 | Ossuary  | Reached ** piety under Qazlal
  3177 | Ossuary  | HP: 1/50 [mummy (12)]
  3193 | Ossuary  | Reached skill level 5 in Fighting
  3193 | Ossuary  | Reached skill level 5 in Armour
  3193 | Ossuary  | Reached XP level 7. HP: 9/56 MP: 7/7
  3214 | Ossuary  | HP: 1/56 [mummy (8)]
  3657 | D:4      | Noticed Natasha
  3663 | D:4      | Killed Natasha
  3698 | D:4      | Noticed Duvessa
  3701 | D:4      | Noticed Dowan
  3726 | D:4      | Killed Duvessa
  3727 | D:4      | Reached XP level 8. HP: 51/64 MP: 8/8
  3738 | D:4      | Killed Dowan
  3739 | D:4      | Reached skill level 5 in Staves
  3765 | D:4      | Reached skill level 6 in Fighting
  3770 | D:4      | Identified the +0 chain mail of Pan-Flutes {+Blink rElec
                  | Int-2} (You found it on level 4 of the Dungeon)
  3928 | D:4      | Got a steaming chain mail
  3929 | D:4      | Identified the +6 chain mail of the Devil's Advocate
                  | {Regen+} (You found it on level 4 of the Dungeon)
  4217 | D:4      | Noticed Pikel
  4226 | D:4      | Noticed Natasha
  4244 | D:4      | Killed Pikel
  4245 | D:4      | Reached skill level 7 in Fighting
  4245 | D:4      | Reached XP level 9. HP: 59/72 MP: 9/9
  4250 | D:4      | Killed Natasha
  4438 | D:4      | Found an ornate altar of the Wu Jian Council.
  4438 | D:4      | Found a sacrificial altar of Ru.
  4439 | D:4      | Found a broken altar of Ashenzari.
  4533 | D:4      | Noticed Natasha
  4544 | D:4      | Killed Natasha
  4619 | D:5      | Entered Level 5 of the Dungeon
  4712 | D:5      | Reached *** piety under Qazlal
  4800 | D:5      | Found a runed translucent door.
  4801 | D:5      | Noticed Crazy Yiuf
  4809 | D:5      | Killed Crazy Yiuf
  4857 | D:5      | Found Hakkonab's Book Shoppe.
  4952 | D:5      | Found a shadowy altar of Dithmenos.
  5396 | D:6      | Reached skill level 8 in Fighting
  5450 | D:6      | Noticed Grinder
  5463 | D:6      | Killed Grinder
  6060 | D:7      | Found a staircase to the Ecumenical Temple.
  6104 | D:7      | Noticed Harold
  6123 | D:7      | Killed Harold
  6124 | D:7      | Reached skill level 9 in Fighting
  6124 | D:7      | Reached XP level 10. HP: 30/83 MP: 10/10
  6680 | D:7      | Found a blossoming altar of Fedhas.
  7044 | D:8      | Found Maele's Armour Emporium.
  7280 | D:8      | Found a basalt altar of Yredelemnul.
  7355 | D:8      | Reached skill level 1 in Invocations
  7614 | D:9      | Reached **** piety under Qazlal
  7646 | D:9      | Noticed a two-headed ogre
  7649 | D:9      | Noticed a two-headed ogre
  7669 | D:9      | Reached skill level 10 in Fighting
  7670 | D:9      | Killed a two-headed ogre
  7671 | D:9      | Reached XP level 11. HP: 67/91 MP: 11/13
  7673 | D:9      | Killed a two-headed ogre
  7856 | D:9      | Found an opulent altar of Gozag.
  8480 | D:10     | Entered Level 10 of the Dungeon
  8594 | D:10     | Found a staircase to the Lair.
  8617 | D:10     | Reached skill level 5 in Invocations
  8772 | D:10     | You fall into a shaft and drop 3 floors!
  8773 | D:13     | Noticed a two-headed ogre
  8787 | D:13     | Killed a two-headed ogre
  8806 | D:12     | Noticed a cyclops
  8814 | D:12     | Killed a cyclops
  8820 | D:12     | Got a glimmering trident
  8829 | D:12     | Reached skill level 11 in Fighting
  8865 | D:11     | Noticed Erolcha
  8872 | D:11     | Killed Erolcha
  8873 | D:11     | Reached skill level 10 in Staves
  9303 | D:11     | Reached XP level 12. HP: 91/100 MP: 16/16
  9430 | D:11     | Noticed an unseen horror
  9496 | D:11     | Killed an unseen horror
  9513 | D:11     | Identified a scroll of acquirement
  9513 | D:11     | Acquired a +1 vampiric lajatang
  9615 | D:11     | Noticed Grum
  9622 | D:11     | Killed Grum
  9661 | D:11     | Reached ***** piety under Qazlal
  9745 | D:11     | Noticed Nergalle
  9753 | D:11     | Killed Nergalle
  9884 | D:11     | Found a staircase to the Orcish Mines.
 10171 | D:12     | Noticed a two-headed ogre
 10176 | D:12     | Killed a two-headed ogre
 10177 | D:12     | Reached skill level 10 in Armour
 10297 | D:12     | Noticed a two-headed ogre
 10316 | D:12     | Killed a two-headed ogre
 10335 | D:12     | Reached skill level 12 in Fighting
 10537 | D:12     | Reached XP level 13. HP: 108/108 MP: 19/19
 11440 | D:14     | Found a flagged portal.
 11472 | Bailey   | Entered a bailey
 11542 | Bailey   | Found a bloodstained altar of Trog.
 11717 | D:14     | Found a runed translucent gate.
 11718 | D:14     | Found a runed translucent gate.
 11719 | D:14     | Found a runed translucent gate.
 11754 | D:14     | Noticed a blizzard demon
 11769 | D:14     | Noticed Borgoz's ghost (journeyman GrGl)
 11769 | D:14     | Noticed a frost giant
 11789 | D:14     | Reached skill level 10 in Invocations
 11799 | D:14     | Reached skill level 13 in Fighting
 11889 | D:14     | Identified the +5 quarterstaff of Imminent Death {protect,
                  | Str-3 Int+5 Dex+9}
 11957 | D:14     | Noticed a vault guard
 11957 | D:14     | Noticed a vault guard
 11957 | D:14     | Noticed a vault guard
 11980 | D:14     | Noticed a boulder beetle
 11992 | D:14     | Killed a vault guard
 11996 | D:14     | Killed a vault guard
 11997 | D:14     | Reached XP level 14. HP: 75/118 MP: 21/21
 12075 | D:14     | Found a gate to the Vaults.
 12426 | D:14     | Found a shimmering altar of Xom.
 12533 | D:15     | Entered Level 15 of the Dungeon
 12658 | D:15     | Found a sacrificial altar of Ru.
 12721 | D:15     | Found a huge runed gate.
 12721 | D:15     | Found a huge runed gate.
 12721 | D:15     | Found a huge runed gate.
 12721 | D:15     | Found a huge runed gate.
 12721 | D:15     | Found a huge runed gate.
 12721 | D:15     | Found a huge runed gate.
 12722 | D:15     | Found a huge runed gate.
 12722 | D:15     | Found a huge runed gate.
 12723 | D:15     | Found a huge runed gate.
 12724 | D:15     | Found a huge runed gate.
 12725 | D:15     | Found a huge runed gate.
 12726 | D:15     | Found a huge runed gate.
 12727 | D:15     | Found a huge runed gate.
 12728 | D:15     | Found a huge runed gate.
 12729 | D:15     | Found a huge runed gate.
 12730 | D:15     | Found a huge runed gate.
 12731 | D:15     | Found a huge runed gate.
 12812 | D:15     | Identified the ring "Roeph" {rC++ rN+++ MP+9 Str+2}
 12814 | D:15     | Found a huge runed gate.
 12815 | D:15     | Found a huge runed gate.
 12829 | D:15     | Found a huge runed gate.
 12831 | D:15     | Found a huge runed gate.
 12841 | D:15     | Found a huge runed gate.
 12841 | D:15     | Found a huge runed gate.
 12841 | D:15     | Found a huge runed gate.
 12842 | D:15     | Found a huge runed gate.
 12882 | D:15     | Reached skill level 14 in Fighting
 12893 | D:15     | Found a staircase to the Depths.
 12925 | D:15     | Reached ****** piety under Qazlal
 13265 | D:15     | Found a huge runed gate.
 13266 | D:15     | Found a huge runed gate.
 13284 | D:15     | Found a huge runed gate.
 13284 | D:15     | Found a huge runed gate.
 13285 | D:15     | Found a huge runed gate.
 13285 | D:15     | Found a huge runed gate.
 13285 | D:15     | Found a huge runed gate.
 13286 | D:15     | Found a huge runed gate.
 13287 | D:15     | Found a huge runed gate.
 13288 | D:15     | Found a huge runed gate.
 13417 | D:15     | Noticed a fire giant
 13417 | D:15     | Noticed a tengu reaver
 13417 | D:15     | Noticed a sphinx
 13417 | D:15     | Noticed a fire giant
 13417 | D:15     | Noticed a storm dragon
 13417 | D:15     | Noticed a frost giant
 13417 | D:15     | Noticed a tengu reaver
 13417 | D:15     | Noticed a frost giant
 13417 | D:15     | Noticed a frost giant
 13419 | D:15     | Killed a fire giant
 13419 | D:15     | Killed a frost giant
 13419 | D:15     | Killed a sphinx
 13420 | D:15     | Reached XP level 15. HP: 89/127 MP: 9/24
 13424 | D:15     | Killed a frost giant
 13432 | D:15     | Killed a frost giant
 13442 | D:15     | Killed a tengu reaver
 13452 | D:15     | Killed a fire giant
 13461 | D:15     | Killed a storm dragon
 13467 | D:15     | Killed from afar by a tengu reaver

Illustrated notes

Levels and vault maps discovered:
D:1:      dpeg_arrival_lava_altar, layout_rooms, minmay_misc_feat_encased
D:2:      layout_basic, grunt_qazlal_sundering, nicolae_overflow_crystal_walls
D:3:      layout_basic, good_gods_temple_1, led_sif_pool,
          hangedman_decor_slide_cut
D:4:      minmay_clustersquares, layout_loops_ring,
          gammafunk_temple_overflow_claw, enter_ossuary_5, uniq_pikel,
          uniq_duvessa, uniq_natasha, uniq_ijyb
D:5:      layout_rooms, kennysheep_mini, serial_shops,
          nicolae_shop_window_shopping, uniq_crazy_yiuf_cottage
D:6:      layout_layer_cave, uniq_grinder
D:7:      layout_basic, marbit_many_paths, minmay_temple_entry_offerings,
          the_bakery, uniq_harold, uniq_joseph
D:8:      layout_basic, lemuel_round_altar, serial_shops, shop
D:9:      kennysheep_blocky_room, layout_basic, grunt_gozag_breadcrumbs
D:10:     layout_long_grid, lair_entry_dummy
D:11:     layout_roguey, hiddenorc1_lemuel, hive_lemuel, uniq_nergalle,
          uniq_erolcha, uniq_grum
D:12:     layout_irregular_city, minivault_16
D:13:     layout_cross, chequers_garden
D:14:     layout_gridville, grunt_vaults_entry_tiered, gammafunk_ghost_icy,
          basic_altar, enter_bailey_2, nicolae_wwwww
D:15:     gammafunk_depths_entry_grave, layout_small_grid, basic_altar,
          st_stairs_2, door_vault

Skill      XL: |  1  2  3  4  5  6  7  8  9 10 11 12 13 14 |
---------------+-------------------------------------------+-----
Shields        | 4 5 6 7 9 |  9.0
Fighting       | 4 5 7 9 10 11 12 13 14 | 14.7
Armour         | 4 5 6 7 9 10 11 13 | 13.5
Staves         | 3 4 6 8 9 10 11 12 13 | 13.5
Invocations    | 3 6 8 10 12 | 12.8

Action                   |  1- 3 |  4- 6 |  7- 9 | 10-12 | 13-15 || total
-------------------------+-------+-------+-------+-------+-------++-------
Melee: Quarterstaff      |   100 |   181 |   366 |   373 |       ||  1020
       Lajatang          |       |       |       |   215 |   530 ||   745
Invok: Upheaval          |       |       |       |     1 |     6 ||     7
       Disaster Area     |       |       |       |       |     2 ||     2
 Abil: Dig               |       |     1 |       |     5 |     8 ||    14
Evoke: Wand              |       |       |    14 |     4 |       ||    18
  Use: Potion            |       |     4 |     1 |       |     4 ||     9
       Scroll            |       |       |     3 |    12 |    19 ||    34
 Stab: Petrifying        |       |       |     2 |       |     2 ||     4
       Paralysed         |       |       |     1 |     3 |       ||     4
       Petrified         |       |       |     1 |       |     5 ||     6
Armor: Scale mail        |    63 |    50 |    28 |       |       ||   141
       Chain mail        |       |       |    60 |   156 |   169 ||   385
Dodge: Dodged            |    37 |    61 |    69 |   110 |    88 ||   365
       Repelled          |       |       |       |     4 |     4 ||     8
Block: Kite shield       |    80 |   115 |   209 |   402 |   439 ||  1245
